Map: Darkness Sanctuary LE

Players

slimbo

  • Race: Terran Terran
  • League: Master
  • Spawn Location: 5:00

sirshane - Winner!

  • Race: Zerg Zerg
  • League: Diamond
  • Spawn Location: 7:00

VOD

Have the link to the VOD?

Description

Time

  • Played on: July 22, 2018, 1:02 p.m.
  • Length: 21:53
Show
View Real Time Build Order
Export as new Build Order

slimbo Terran 

Build Orders: MMM Bio 

Get SALT Encoding   

  12  0:00  SCV  
  13  0:13  SCV  
  14  0:18  Supply Depot  
  14  0:25  SCV  
  15  0:29  Refinery  
  15  0:39  SCV  
  16  0:48  Barracks  
  16  0:52  SCV  
  17  1:04  SCV  
  18  1:16  SCV  
  19  1:34  Orbital Command  
  19  1:35  Reaper  
  20  2:01  SCV  
  21  2:02  Command Center  
  21  2:04  Barracks  
  21  2:19  Barracks Reactor  
  21  2:21  SCV  
  21  2:23  Supply Depot  
  21  2:31  Factory  
  21  2:33  SCV  
  21  2:35  Refinery  
  22  2:45  SCV  
  22  2:51  Barracks Tech Lab  
  23  2:57  SCV, Marine x2  
  26  3:18  Marine x2  
  28  3:27  Orbital Command, SCV  
  28  3:29  Marine  
  28  3:31  Stimpack  
  28  3:33  Factory Reactor  
  29  3:36  Marine  
  29  3:38  Starport  
  30  3:43  SCV  
  30  3:47  Marine x2  
  33  3:56  SCV  
  33  4:01  Supply Depot  
  33  4:02  Marine  
  35  4:03  SCV  
  35  4:09  SCV  
  37  4:11  Marine x2  
  37  4:14  Orbital Command  
  40  4:21  Cyclone  
  40  4:23  Bunker  
  41  4:34  Bunker  
  41  4:40  SCV  
  41  4:41  SCV  
  41  4:42  Cyclone  
  46  4:46  Starport Reactor  
  46  4:53  SCV x2  
  46  4:57  Marine x3  
  51  5:03  Supply Depot  
  51  5:07  Supply Depot  
  51  5:13  SCV  
  51  5:14  SCV, Marine  
  53  5:17  Supply Depot  
  53  5:21  Supply Depot  
  54  5:25  Orbital Command  
  54  5:29  SCV  
  54  5:30  Medivac  
  57  5:39  Widow Mine  
  57  5:40  Widow Mine  
  57  5:41  SCV  
  62  5:48  Marine x2  
  62  5:49  Marine  
  65  5:50  Combat Shields  
  65  5:53  SCV  
  65  5:54  SCV  
  67  6:05  SCV  
  67  6:06  SCV  
  67  6:07  Medivac  
  71  6:14  Supply Depot  
  71  6:16  Supply Depot  
  71  6:18  SCV x2  
  72  6:32  Marine x3  
  63  6:43  SCV x2  
  64  6:50  Marine x2  
  64  6:51  Marauder  
  62  6:55  Widow Mine x2  
  62  6:57  Command Center  
  62  6:58  SCV x2  
  66  7:03  Medivac  
  66  7:04  Medivac  
  66  7:08  Marine x2  
  72  7:10  Engineering Bay  
  72  7:12  Engineering Bay  
  72  7:13  Barracks x2  
  72  7:14  Barracks  
  72  7:17  SCV x2  
  72  7:19  Refinery  
  72  7:20  Refinery, Concussive Shells  
  74  7:31  SCV x2  
  74  7:32  Marine x3  
  79  7:38  Widow Mine x2  
  79  7:43  Terran Infantry Weapons Level 1, Terran Infantry Armor Level 1, SCV x2  
  85  7:54  Marine x3  
  85  7:55  SCV x2  
  90  7:59  Command Center  
  90  8:01  Barracks Tech Lab  
  90  8:02  Barracks Reactor  
  90  8:03  Barracks Reactor  
  90  8:07  SCV x2  
  90  8:11  Supply Depot  
  92  8:13  Supply Depot  
  92  8:15  Supply Depot  
  92  8:16  Planetary Fortress  
  92  8:20  SCV x2  
  94  8:27  Marine x2  
  94  8:31  Marauder x2  
  102  8:34  Widow Mine x2  
  102  8:38  Factory  
  102  8:39  SCV x2  
  106  8:44  Marine x4  
  106  8:45  Marine  
  111  8:51  SCV  
  111  8:53  SCV  
  113  9:00  Marauder x2, Marine  
  113  9:01  SCV  
  113  9:02  Marine  
  120  9:03  SCV  
  120  9:04  Widow Mine  
  120  9:05  SCV  
  124  9:12  Marine x3  
  124  9:13  Marine  
  124  9:14  SCV  
  129  9:17  Armory, SCV  
  129  9:18  Marine  
  131  9:26  Supply Depot  
  131  9:28  Supply Depot  
  131  9:29  SCV, Factory Tech Lab  
  131  9:30  Widow Mine  
  134  9:33  Widow Mine  
  136  9:39  Marine x5  
  136  9:41  SCV  
  145  9:52  Siege Tank  
  145  9:55  Planetary Fortress  
  145  9:58  Refinery  
  145  10:00  SCV  
  145  10:03  Refinery  
  146  10:08  Supply Depot  
  146  10:09  Supply Depot  
  146  10:10  Marauder, Supply Depot  
  146  10:11  Marauder  
  146  10:12  SCV, Supply Depot  
  151  10:16  Widow Mine x2  
  155  10:23  Terran Infantry Armor Level 2, Terran Infantry Weapons Level 2, Terran Vehicle Weapons Level 1  
  155  10:27  Siege Tank  
  158  10:30  Marine x3  
  158  10:31  Marine x4  
  165  10:39  Factory  
  165  10:40  Factory  
  165  10:57  Marine  
  165  10:58  Marine x5  
  165  10:59  Marauder  
  165  11:01  Marauder  
  165  11:02  Siege Tank, Widow Mine x2  
  182  11:10  Missile Turret  
  182  11:12  Missile Turret x2  
  182  11:21  Command Center  
  182  11:28  Marine x2  
  182  11:29  Marine x4  
  182  11:30  Marauder x2, Factory Tech Lab x2  
  163  11:48  Marine  
  163  11:49  Marine x5  
  163  11:50  Siege Tank x3  
  178  11:55  Command Center  
  178  12:04  Command Center  
  178  12:05  Missile Turret x2  
  178  12:07  Missile Turret  
  178  12:09  Missile Turret  
  178  12:10  Missile Turret  
  178  12:13  Refinery  
  178  12:14  Refinery  
  178  12:16  Terran Vehicle Weapons Level 2  
  178  12:24  Sensor Tower  
  178  12:29  Siege Tank x3  
  187  12:34  Orbital Command  
  173  13:25  Siege Tank x3, Marauder x2  
  177  13:48  Marauder  
  177  13:49  Marauder  
  177  13:52  Terran Infantry Weapons Level 3, Terran Infantry Armor Level 3  
  177  13:53  Starport  
  177  13:54  Starport  
  181  13:59  Planetary Fortress  
  181  14:00  Missile Turret  
  181  14:01  Orbital Command  
  179  14:15  Thor x3  
  197  14:29  Sensor Tower  
  195  14:37  Terran Vehicle Weapons Level 3  
  195  14:40  Starport Reactor  
  195  14:45  Refinery  
  195  14:46  Refinery  
  195  14:55  Missile Turret  
  195  15:00  Missile Turret x3  
  170  15:23  Medivac x2  
  170  15:27  Starport Tech Lab  
  174  15:29  Thor x3  
  150  15:42  Marine  
  150  15:43  Marine x5  
  150  15:44  Marauder x2  
  150  15:48  Liberator x2  
  150  15:49  Liberator  
  160  15:52  SCV x5  
  165  16:00  Marine  
  165  16:04  Widow Mine x2  
  170  16:05  Marauder  
  181  16:12  Planetary Fortress, Siege Tank  
  181  16:16  Missile Turret  
  181  16:17  Missile Turret  
  184  16:19  Missile Turret x2  
  167  16:35  Marine x2  
  167  16:36  Marine x5  
  167  16:37  Siege Tank x2, Marauder  
  167  16:38  Hellbat x2  
  147  16:44  Siege Tank  
  130  16:53  Marine x4  
  130  16:54  Marauder, Marine x2  
  132  16:57  SCV  
  132  16:58  Marauder  
  138  17:08  Command Center  
  138  17:10  SCV  
  139  17:16  Marauder  
  139  17:19  Siege Tank x3  
  139  17:21  Viking x2  
  139  17:22  SCV  
  155  17:26  Terran Ship Weapons Level 1  
  155  17:34  SCV  
  155  17:36  Liberator  
  150  17:46  SCV  
  150  17:51  Marauder x2  
  152  17:58  SCV  
  156  18:06  Siege Tank  
  156  18:08  Hellbat x4  
  156  18:09  Liberator  
  156  18:10  SCV  
  168  18:17  Command Center  
  171  18:29  Hellbat  
  171  18:33  Refinery  
  173  18:34  SCV  
  173  18:37  Refinery x2  
  173  18:40  Liberator  
  168  19:15  Marine  
  168  19:16  Marine x6  
  174  19:17  Marauder  
  174  19:20  Terran Vehicle And Ship Armor Level 1  
  170  19:27  Siege Tank  
  144  20:14  Supply Depot  
  144  20:18  Supply Depot  
  144  20:19  Supply Depot  
  119  21:20  Siege Tank  
Show
View Real Time Build Order
Export as new Build Order

sirshane Zerg - Winner!

Build Orders: Pool First 

Get SALT Encoding   

  12  0:01  Drone  
  13  0:12  Overlord  
  13  0:24  Drone  
  14  0:32  Drone x2  
  16  0:36  Drone  
  16  0:40  Extractor  
  16  0:53  Drone, Spawning Pool  
  16  1:00  Drone  
  17  1:10  Drone  
  18  1:31  Hatchery  
  17  1:34  Drone  
  17  1:37  Overlord  
  18  1:48  Queen  
  18  1:53  Zergling x2  
  21  1:55  Zergling x2  
  22  2:06  Drone  
  23  2:23  Drone  
  23  2:24  Queen  
  23  2:25  Overlord  
  26  2:36  Drone  
  27  2:45  Drone  
  27  2:46  Drone  
  29  2:55  Drone x2  
  31  3:04  Roach Warren, Drone x3  
  33  3:06  Drone  
  34  3:19  Drone x2  
  35  3:22  Drone  
  35  3:29  Drone x4  
  39  3:36  Hatchery  
  39  3:40  Queen  
  40  3:42  Overlord x2  
  40  3:50  Roach x2  
  44  3:56  Overlord  
  44  4:02  Overlord  
  44  4:04  Roach x3  
  44  4:05  Roach  
  52  4:12  Spore Crawler  
  52  4:13  Drone  
  52  4:14  Drone  
  52  4:15  Spine Crawler  
  52  4:31  Drone x2, Queen  
  52  4:33  Overlord  
  56  4:38  Drone x2  
  56  4:39  Drone x4  
  62  4:49  Queen  
  62  4:50  Drone x3  
  67  4:57  Zergling x10  
  67  4:59  Metabolic Boost  
  72  5:05  Evolution Chamber  
  72  5:06  Drone  
  72  5:07  Drone  
  72  5:08  Evolution Chamber  
  72  5:13  Lair  
  72  5:19  Zergling x10  
  77  5:24  Drone x2  
  77  5:25  Spore Crawler  
  77  5:28  Extractor  
  77  5:34  Zerg Melee Weapons Level 1  
  77  5:35  Drone x3  
  80  5:38  Extractor, Drone x3  
  82  5:48  Overlord x2  
  82  5:57  Spore Crawler  
  82  5:59  Overlord  
  82  6:03  Queen  
  82  6:04  Extractor  
  82  6:06  Queen  
  82  6:08  Drone x2  
  84  6:27  Zergling x20  
  84  6:28  Zergling x4  
  86  6:36  Zergling x8  
  79  7:01  Zergling x16  
  79  7:05  Drone  
  87  7:09  Hatchery  
  87  7:13  Zergling x4  
  88  7:19  Drone  
  88  7:22  Zerg Ground Armor Level 1  
  89  7:25  Hatchery, Infestation Pit  
  89  7:27  Queen  
  89  7:29  Hydralisk Den  
  89  7:30  Drone x3  
  91  7:43  Zergling x10  
  96  7:50  Drone  
  97  7:51  Overlord x2  
  97  7:52  Zerg Melee Weapons Level 2  
  97  7:53  Overlord x2  
  97  8:01  Grooved Spines  
  97  8:12  Roach x2  
  101  8:14  Hydralisk x4  
  101  8:18  Drone  
  110  8:23  Drone x4  
  114  8:33  Hydralisk x3  
  116  8:39  Hive  
  120  8:41  Baneling Nest  
  119  8:51  Overlord x2  
  119  8:52  Overlord  
  119  8:53  Zergling x18  
  119  8:55  Burrow  
  128  9:08  Zergling x10  
  118  9:12  Muscular Augments  
  118  9:21  Hydralisk  
  118  9:22  Hydralisk x8  
  136  9:32  Drone x2  
  136  9:33  Drone  
  136  9:34  Extractor  
  136  9:35  Extractor  
  136  9:36  Zerg Ground Armor Level 2  
  137  9:43  Drone x3  
  140  9:45  Extractor  
  140  9:46  Extractor  
  140  9:49  Zergling x8  
  142  9:56  Hydralisk x2  
  142  9:59  Centrifical Hooks, Overlord x2  
  146  10:10  Zergling x14  
  146  10:11  Zergling x4  
  155  10:18  Overseer  
  155  10:19  Ultralisk Cavern  
  155  10:21  Overseer  
  154  10:23  Drone x2  
  154  10:24  Drone x2  
  154  10:27  Drone x2  
  160  10:29  Drone  
  161  10:42  Hatchery  
  160  10:49  Baneling  
  160  10:50  Baneling x3  
  160  10:53  Baneling x15  
  160  10:54  Baneling x7  
  160  10:56  Zergling x18  
  169  11:09  Chitinous Plating  
  169  11:24  Baneling x3  
  169  11:26  Zergling x24  
  167  11:40  Ultralisk  
  168  11:49  Ultralisk  
  168  11:51  Overlord x3  
  174  11:55  Baneling x10  
  174  11:56  Baneling x4  
  174  12:07  Ultralisk  
  180  12:11  Zerg Ground Armor Level 3  
  180  12:12  Zerg Melee Weapons Level 3  
  180  12:30  Ultralisk  
  180  12:31  Ultralisk  
  180  12:32  Zergling x2  
  180  12:33  Zergling x6  
  196  12:47  Adrenal Glands  
  160  13:23  Zergling x30  
  168  13:49  Zergling x20  
  168  13:50  Zergling x8  
  182  13:58  Zergling x4  
  183  14:02  Baneling  
  183  14:03  Baneling x21  
  183  14:04  Ultralisk  
  183  14:05  Ultralisk  
  195  14:17  Spire  
  194  14:18  Spire  
  193  14:31  Hydralisk x8  
  181  15:20  Ultralisk x3  
  181  15:21  Ultralisk x3  
  181  15:50  Zergling x4  
  181  15:51  Zergling x24  
  195  15:59  Greater Spire  
  195  16:00  Zerg Flyer Weapons Level 1  
  195  16:06  Overlord x3  
  195  16:07  Overlord x2  
  136  16:40  Hydralisk x10  
  136  16:41  Hydralisk x6  
  136  16:43  Zergling x2  
  136  16:45  Zergling x2  
  136  16:52  Hydralisk x3  
  118  17:01  Ultralisk  
  124  17:04  Zergling x2  
  124  17:05  Zergling x4  
  127  17:18  Ultralisk  
  133  17:23  Baneling x4  
  133  17:25  Zerg Missile Weapons Level 1  
  133  17:29  Drone x5  
  139  17:30  Drone  
  138  17:40  Hydralisk  
  138  17:41  Ultralisk  
  142  17:50  Ultralisk  
  147  18:02  Overseer  
  147  18:21  Ultralisk x2  
  147  18:25  Zergling x12  
  165  18:28  Baneling  
  165  18:29  Baneling  
  165  18:31  Corruptor  
  165  18:33  Corruptor  
  167  18:51  Corruptor x2  
  167  18:52  Hatchery, Corruptor  
  167  19:00  Drone x5  
  172  19:04  Corruptor x3  
  172  19:19  Zergling x14  
  165  19:54  Brood Lord x6  
  165  19:55  Corruptor, Brood Lord x2  
  165  19:56  Corruptor  
  180  20:12  Overlord x3  
  173  20:28  Overlord x2  
  173  20:41  Overlord x2  
  169  20:48  Hatchery  
  168  20:54  Corruptor x3  
  168  20:55  Corruptor  
  174  21:11  Hydralisk x8  
Tags
 
Composition
MMM Bio
Matchup
TvZ
Opening
Pool First
Spawn Locations
Close Positions
Add a new tag
Caveats
  • Supply blocks, unpowered buildings, or Contaminate may cause inaccurate times.
  • Supply counts are checked every 10 seconds.